 Dungeon Crawl Stone Soup version 0.26-a0-1181-gd376ed14c5 (webtiles) character file.

Game seed: 5125919684324417695

93 sahdkjhfkaj the Skirmisher (level 4, -1/44 HPs)
             Began as a Palentonga Berserker on Dec 25, 2020.
             Was a Believer of Trog.
             Slain by a worm (5 damage)
             ... on level 2 of the Dungeon.
             The game lasted 00:02:36 (1195 turns).

sahdkjhfkaj the Skirmisher (Palentonga Berserker)   Turns: 1195, Time: 00:02:36

Health: -1/44      AC:  5    Str: 21    XL:     4   Next: 36%
Magic:  4/4        EV:  9    Int:  7    God:    Trog [**....]
Gold:   60         SH:  0    Dex: 10    Spells: 3/3 levels left

rFire    . . .     SeeInvis +   a - +0 hand axe
rCold    . . .     Faith    .   (no shield)
rNeg     . . .     Spirit   .   g - +0 ring mail (curse)
rPois    .         Reflect  .   (no helmet)
rElec    .         Harm     .   (no cloak)
rCorr    .         Rampage  .   (no gloves)
Will     .....                  (no barding)
Stlth    ..........             (no amulet)
HPRegen  0.14/turn              (no ring)
MPRegen  0.09/turn              (no ring)

@: no status effects
A: large, rugged brown scales 3, see invisible, deformed body, roll 1, armoured
tail
a: Rolling Charge, Renounce Religion, Berserk, Trog's Hand


You were on level 2 of the Dungeon.
You worshipped Trog.
Trog was pleased with you.
You visited 1 branch of the dungeon, and saw 2 of its levels.

You collected 60 gold pieces.

Inventory:

Hand Weapons
 a - a +0 hand axe (weapon)
Armour
 g - a cursed +0 ring mail (worn)
Jewellery
 b - an uncursed amulet of guardian spirit {unknown}
Scrolls
 h - a scroll of remove curse {unknown}
 i - a scroll of enchant armour {unknown}
Potions
 c - 2 potions of curing
 d - 3 potions of degeneration {unknown}
 e - a potion of brilliance {unknown}
 f - a potion of might


   Skills:
 + Level 5.2 Fighting
 - Level 3.0 Axes
 - Level 1.5 Armour
 - Level 1.5 Dodging


You had 3 spell levels left.
You didn't know any spells.
Your spell library was empty.

Dungeon Overview and Level Annotations

Branches:
Dungeon (2/15)

Altars:


Innate Abilities, Weirdness & Mutations

You are completely covered in rugged brown scales. (AC +3, +7% HP)
You have supernaturally acute eyesight. (SInv)
Armour fits poorly on your strangely shaped body.
You can roll at nearby foes to attack.
You have a long armoured tail.


Message History

Your Fighting skill increases to level 5!
Unknown command.
You see here the felid corpse of Natasha.
Unknown command.
The worm bites you.
You hit the worm.
The worm is lightly wounded.
You hit the bush but do no damage. x2; The worm bites you!
* * * LOW HITPOINT WARNING * * *
You hit the worm.
The worm is moderately wounded.
You completely miss the bush. You hit the bush but do no damage.
You slash the worm!
Your tail-slap misses the worm.
The worm is heavily wounded.
You hit the bush but do no damage. x2; The worm bites you.
* * * LOW HITPOINT WARNING * * *
You hit the worm.
The worm is severely wounded.
You hit the bush but do no damage. x2; The worm bites you.
You die...

.. #..♣.♣.###.....
#..
.##.......##.####
#.. ....♣.♣....##
#... #........###
... #.......# ...
#.......#
..###.####.......###
#.....wP##....(....#
♣@P#......##.#
♣.†)......# ..
♣♣P...≈≈≈≈≈# ##
♣♣...≈###≈#
♣..#≈≈≈≈≈#
...#≈≈#≈≈# ..#.#≈≈#
≈# ..##.#≈≈# # ..
... ≈≈


You could see a worm.

Vanquished Creatures
  Natasha (twice) (D:2)
  A worm (D:2)
  A dart slug (D:1)
  A ball python (D:2)
  2 giant cockroaches (D:1)
  5 goblins
  5 hobgoblins
  5 kobolds (D:1)
  7 bats
  2 frilled lizards (D:1)
  8 rats (D:1)
39 creatures vanquished.

Vanquished Creatures (others)
  7 plants (D:2)
7 creatures vanquished.

Grand Total: 46 creatures vanquished

Notes
Turn   | Place    | Note
-------+----------+-------------------------------------------
     0 | D:1      | sahdkjhfkaj the Palentonga Berserker began the quest for
                  | the Orb.
     0 | D:1      | Reached XP level 1. HP: 20/20 MP: 1/1
   137 | D:1      | Reached XP level 2. HP: 16/27 MP: 2/2
   623 | D:1      | Reached skill level 4 in Fighting
   800 | D:1      | Reached ** piety under Trog
   873 | D:1      | Reached XP level 3. HP: 34/35 MP: 3/3
  1086 | D:2      | Noticed Natasha
  1097 | D:2      | Killed Natasha
  1182 | D:2      | Noticed Natasha
  1184 | D:2      | Reached XP level 4. HP: 32/43 MP: 4/4
  1188 | D:2      | Killed Natasha
  1189 | D:2      | Reached skill level 5 in Fighting
  1195 | D:2      | Slain by a worm

Illustrated notes

Levels and vault maps discovered:
D:1:      saegor_arrival_simple_e, layout_loops_ring, minmay_pentomino_o2
D:2:      layout_rooms, lemuel_zombie_altar_yredelemnul, serial_forest,
          infiniplex_forest_straight_5, infiniplex_forest_lined_1,
          infiniplex_forest_clump_diagonal, infiniplex_forest_clump_curved,
          infiniplex_forest_lined_corner, infiniplex_forest_straight_2,
          infiniplex_forest_lined_room_2, infiniplex_forest_clump_large,
          infiniplex_forest_lined_4_way, infiniplex_forest_clump_C,
          dk_vineyard_1, minmay_crystal_water, uniq_natasha

Skill      XL: |  1  2  3  4 |
---------------+-------------+-----
Fighting       | 4 5 |  5.2
Axes           | |  3.0
Armour         | |  1.5
Dodging        | |  1.5

Action                   |  1- 3 |  4- 6 || total
-------------------------+-------+-------++-------
Melee: Hand axe          |    87 |     9 ||    96
       Tailslap          |    12 |     1 ||    13
Invok: Berserk           |     2 |       ||     2
 Abil: Rolling Charge    |     7 |     1 ||     8
  Use: Potion            |     1 |       ||     1
Armor: Animal skin       |     8 |       ||     8
       Ring mail         |    32 |     1 ||    33
Dodge: Dodged            |    40 |     4 ||    44

Table legend: (Time is in decaauts)
 A = Elapsed time spent in this place.
 B = Non-inter-level travel time spent in this place.
 C = Inter-level travel time spent in this place.
 D = Time resting spent in this place.
 E = Time spent auto-exploring this place.
 F = Levels seen in this place.
 G = Mean time per level.
                   A        B        C        D        E       F      G
               +--------+--------+--------+--------+--------+-----+--------+
         Total |   1231 |   1223 |      8 |    189 |    785 |   2 |  615.5 |
       Dungeon |   1231 |   1223 |      8 |    189 |    785 |   2 |  615.5 |
               +--------+--------+--------+--------+--------+-----+--------+

Top non-repeatable levels by time:
     D:1: 1059 daAuts
     D:2: 172 daAuts
